 Dungeon Crawl Stone Soup version 0.23.0 (webtiles) character file.

Game seed: 18394943758727353672

154 inmateoo the Skirmisher (level 5, -2/47 HPs)
             Began as a Centaur Air Elementalist on Feb 10, 2019.
             Slain by a hound (3 damage)
             ... on level 4 of the Dungeon.
             The game lasted 00:04:02 (3611 turns).

inmateoo the Skirmisher (Centaur Air Elementalist)  Turns: 3611, Time: 00:04:03

Health: -2/47      AC:  5    Str: 11    XL:     5   Next: 13%
Magic:  0/7        EV:  9    Int: 14    God:
Gold:   214        SH:  0    Dex: 10    Spells: 6/7 levels left

rFire    . . .     SeeInvis .   e - +0 long sword
rCold    . . .     Gourm    .   (no shield)
rNeg     . . .     Faith    .   b - +0 leather armour
rPois    .         Spirit   .   (no helmet)
rElec    .         Reflect  .   (no cloak)
rCorr    .         Harm     .   (no gloves)
MR       .....                  (no barding)
Stlth    +.........             (no amulet)
HPRegen  0.15/turn              i - +1 ring of protection
MPRegen  0.10/turn              (no ring)

@: very slightly contaminated, very quick
A: large, hooves 3, deformed body, speed 2, tough skin 3
a: no special abilities


You were on level 4 of the Dungeon.
You were not hungry.

You visited 1 branch of the dungeon, and saw 4 of its levels.

You collected 214 gold pieces.

Inventory:

Hand Weapons
 d - a +0 club
 e - a +0 long sword (weapon)
Armour
 b - a +0 leather armour (worn)
Jewellery
 i - a +1 ring of protection (left hand)
Scrolls
 a - a scroll of random uselessness {unknown}
 g - 2 scrolls of noise {unknown}
 h - 2 scrolls of identify
 j - 3 scrolls of teleportation
 l - a scroll of remove curse
 m - a scroll of fog {unknown}
 n - a scroll of magic mapping
 o - a scroll of enchant weapon {unknown}
 r - a scroll of blinking {unknown}
 s - a scroll of fear
Potions
 f - a potion of resistance {unknown}
 k - 3 potions of curing
 p - a potion of degeneration {unknown}
 q - a potion of agility {unknown}
 t - a potion of brilliance {unknown}
Comestibles
 c - 6 rations


   Skills:
 + Level 4.9 Fighting
 - Level 1.3 Dodging
 - Level 1.1 Stealth
 - Level 1.5 Spellcasting
 - Level 0.8 Conjurations
 - Level 2.6 Air Magic


You had 6 spell levels left.
You knew the following spells:

 Your Spells              Type           Power        Failure   Level  Hunger
a - Shock                 Conj/Air       #...         16%         1    ##.....

Your spell library contained the following spells:

 Spells                   Type           Power        Failure   Level  Hunger
 Swiftness                Chrm/Air       #.......     28%         2    ###....
 Animate Skeleton         Necr           N/A          32%         1    ##.....
 Apportation              Tloc           #.....       32%         1    ##.....
 Confusing Touch          Hex            #.....       32%         1    ##.....
 Summon Small Mammal      Summ           #...         32%         1    ##.....
 Static Discharge         Conj/Air       #.......     43%         3    ####...
 Airstrike                Air            #.........   73%         4    #####..
 Lightning Bolt           Conj/Air       #.........   99%         5    ######.


Dungeon Overview and Level Annotations

Branches:
Dungeon (4/15)
 Temple: D:4-7

Altars:

Annotations:
D:1 Terence


Innate Abilities, Weirdness & Mutations

You have hooves in place of feet.
Armour fits poorly on your strangely shaped body.
You cover ground very quickly.
You have extremely tough skin. (AC +3)


Message History

Press: ? - help, Shift-Dir - straight line, f/p - hound
Aim: a hound (almost dead)
The zap misses the hound.
The zap hits the hound.
The hound is almost dead.
The hound bites you.
* * * LOW HITPOINT WARNING * * *
Unknown command.
Unknown command.
Unknown command.
Casting: Shock (safe; 16% risk of failure)
Confirm with . or Enter, or press ? or * to list all spells.
Aiming: Shock (safe; 16% risk of failure)
Press: ? - help, Shift-Dir - straight line, f/p - hound
Aim: a hound (almost dead)
You miscast Shock.
You are very lightly contaminated with residual magic.
Nothing appears to happen.
The hound bites you.
* * * LOW HITPOINT WARNING * * *
The hound bites you.
You die...

####### #.....#
##.###.# #......#
#..#########
#<.........#
##########.#
################.#
#..h@..(.........#
#.################
#.# #.# #.# #.#
#...).# #.#>### #.


You could see a hound.

Vanquished Creatures
  A hound (D:4)
  3 adders
  An ooze (D:3)
  4 dart slugs
  2 leopard geckos
  An orc (D:4)
  3 giant cockroaches
  12 hobgoblins
  3 jackals (D:3)
  8 kobolds
  3 quokkas
  14 bats
  11 frilled lizards
  6 goblins
  10 rats
82 creatures vanquished.

Notes
Turn   | Place    | Note
-------+----------+-------------------------------------------
     0 | D:1      | inmateoo the Centaur Air Elementalist began the quest for
                  | the Orb.
     0 | D:1      | Reached XP level 1. HP: 14/14 MP: 3/3
   114 | D:1      | Reached skill level 1 in Fighting
   216 | D:1      | Reached XP level 2. HP: 24/24 MP: 4/4
   381 | D:1      | Reached skill level 2 in Fighting
   855 | D:1      | Reached XP level 3. HP: 27/30 MP: 5/5
  1284 | D:1      | Reached skill level 3 in Fighting
  1769 | D:2      | Noticed Terence
  2312 | D:2      | Reached XP level 4. HP: 21/40 MP: 3/6
  2905 | D:3      | Reached skill level 4 in Fighting
  3603 | D:4      | Reached XP level 5. HP: 15/47 MP: 4/7
  3611 | D:4      | HP: 1/47 [hound (3)]
  3611 | D:4      | Slain by a hound

Skill      XL: |  1  2  3  4 |
---------------+-------------+-----
Fighting       | 1 2 3 4 |  4.9
Dodging        | |  1.3
Stealth        | |  1.1
Spellcasting   | |  1.5
Conjurations   | |  0.8
Air Magic      | |  2.6

Action                   |  1- 3 |  4- 6 || total
-------------------------+-------+-------++-------
Melee: Unarmed           |     9 |       ||     9
       Club              |   139 |     3 ||   142
       Kick              |    16 |    13 ||    29
       Long sword        |       |   116 ||   116
 Cast: Shock             |    11 |     6 ||    17
  Use: Scroll            |     5 |       ||     5
       Potion            |     2 |       ||     2
  Eat: Chunk             |     3 |     4 ||     7
Armor: Leather armour    |    92 |    77 ||   169
Dodge: Dodged            |   114 |    79 ||   193
       Rpst.: Long sword |       |    18 ||    18
